 Dungeon Crawl Stone Soup version 0.21-a0-348-ga060c75 (webtiles) character file.

18320 KristoblXynda the Bewitcher (level 12, -14/74 HPs)
             Began as a Vampire Enchanter on Oct 6, 2017.
             Was a Believer of Ashenzari.
             Demolished by a very large slime creature (45 damage)
             ... on level 12 of the Dungeon.
             The game lasted 00:53:13 (18039 turns).

KristoblXynda the Bewitcher (Vampire Enchanter)    Turns: 18039, Time: 00:53:14

Health: -14/74     AC:  9    Str: 14    XL:     12   Next: 26%
Magic:  8/21       EV: 16    Int: 26    God:    Ashenzari [**....]
Gold:   588        SH:  4    Dex: 16    Spells: 11/23 levels left

rFire    + . .     SeeInvis +   y - +7 short sword "Obasath" {pain, MR+ Str+3} (curse)
rCold    + . .     Gourm    .   (no shield)
rNeg     + + .     Faith    .   F - +0 robe "Riaro" {rF- MR++ Str+3} (curse)
rPois    +         Spirit   .   i - +2 helmet (curse)
rElec    .         Reflect  +   w - +1 cloak
rCorr    .         Harm     .   (no gloves)
MR       ++++.                  (no boots)
Stlth    +++++++...             I - +4 amulet of reflection (curse)
HPRegen  0.11/turn              j - +4 ring of intelligence (curse)
MPRegen  0.17/turn              a - ring of protection from fire (curse)

@: regenerating slowly
A: claws 1, fangs 3, iridescent scales 1, see invisible, clever 1, fire
resistance 1, unbreathing
a: Bat Form, Curse Item, Scrying, Renounce Religion


You were on level 12 of the Dungeon.
You worshipped Ashenzari.
Ashenzari was pleased with you.
You were very thirsty.

You visited 2 branches of the dungeon, and saw 13 of its levels.

You collected 588 gold pieces.

Inventory:

Hand Weapons
 r - a +3 rapier of venom
 y - the cursed +7 short sword "Obasath" (weapon) {pain, MR+ Str+3}
   (You found it on level 7 of the Dungeon)

   In the hands of one skilled in necromantic magic, it inflicts extra damage on
   living creatures.
   It affects your strength (+3).
   It affects your resistance to hostile enchantments.
   It has a curse placed upon it.
Armour
 i - a cursed +2 helmet (worn)
 s - a +2 shield
 w - a +1 cloak (worn)
 F - the cursed +0 robe "Riaro" (worn) {rF- MR++ Str+3}
   (You found it on level 11 of the Dungeon)

   It affects your strength (+3).
   It makes you vulnerable to fire.
   It affects your resistance to hostile enchantments.
   It has a curse placed upon it.
Jewellery
 a - a cursed ring of protection from fire (right claw)
 j - a cursed +4 ring of intelligence (left claw)
 x - an uncursed ring of magical power
 z - an uncursed ring of flight
 C - an uncursed ring of wizardry
 I - a cursed +4 amulet of reflection (around neck)
Wands
 o - a wand of clouds (0/9)
 B - a wand of disintegration (6/24)
Scrolls
 l - a scroll of fear
 n - a scroll of fog
 q - 2 scrolls of blinking
 u - 3 scrolls of magic mapping
 E - a scroll of immolation
Potions
 b - a potion of ambrosia
 d - 17 potions of blood
 e - 2 potions of haste
 f - 2 potions of mutation
 g - 2 potions of might
 h - 2 potions of cancellation
 k - 4 potions of flight
 m - a potion of resistance
 v - 2 potions of curing
 A - 2 potions of invisibility
Books
 c - a book of Maledictions

   Spells                             Type                      Level
   a - Corona                         Hexes                        1
   b - Ensorcelled Hibernation        Hexes/Ice                    2
   c - Confuse                        Hexes                        3
   d - Tukima's Dance                 Hexes                        3
   e - Dazzling Spray                 Conjuration/Hexes            3
 p - a book of Changes

   Spells                             Type                      Level
   a - Beastly Appendage              Transmutation                1
   b - Sticks to Snakes               Transmutation                2
   c - Spider Form                    Transmutation/Poison         3
   d - Ice Form                       Ice/Transmutation            4
   e - Blade Hands                    Transmutation                5
 D - a book of Conjurations

   Spells                             Type                      Level
   a - Magic Dart                     Conjuration                  1
   b - Searing Ray                    Conjuration                  2
   c - Dazzling Spray                 Conjuration/Hexes            3
   d - Fulminant Prism                Conjuration/Hexes            4
   e - Force Lance                    Conjuration/Translocation    4
   f - Iskenderun's Mystic Blast      Conjuration                  4
Miscellaneous
 t - a lamp of fire


   Skills:
 + Level 6.4(8.8) Short Blades
 - Level 5.7 Dodging
 - Level 15.3 Stealth
 + Level 6.4 Spellcasting
 + Level 3.0(5.0) Conjurations
 - Level 15.4(17.2) Hexes
 - Level 7.9(10.2) Evocations


You had 11 spell levels left.
You knew the following spells:

 Your Spells              Type           Power        Failure   Level  Hunger
a - Force Lance           Conj/Tloc      ###.....     22%         4    ###....
b - Ensorcelled Hibernat  Hex/Ice        ######       1%          2    None
c - Confuse               Hex            #######.     0%          3    None
d - Tukima's Dance        Hex            #######.     0%          3    None


Dungeon Overview and Level Annotations

Branches:
Dungeon (12/15)            Temple (1/1) D:5            Lair (0/6) D:8
    Orc (0/2) D:9

Altars:
Ashenzari
Cheibriados
Dithmenos
Elyvilon
Fedhas
Gozag
Hepliaklqana
Kikubaaqudgha
Makhleb
Nemelex Xobeh
Okawaru
Qazlal
Ru
Sif Muna
Trog
Uskayaw
Vehumet
Wu Jian
Xom
Yredelemnul
Zin
The Shining One

Shops:
D:7 (


Innate Abilities, Weirdness & Mutations

You heal slowly.
You have razor-sharp teeth.
You have supernaturally acute eyesight. (SInv)
You can survive without breathing.
You have sharp fingernails.
You are partially covered in iridescent scales. (AC +2)
Your mind is acute. (Int +2)
Your flesh is heat resistant. (rF+)


Message History

The very large slime creature is lightly wounded.
The centaur shoots an arrow.
You reflect the arrow off an invisible shield around you!
The arrow hits the centaur!
You block the orc's attack. The orc closely misses you. The centaur hits you.
Unknown command.
You puncture the very large slime creature!
You bite the very large slime creature.
The very large slime creature is moderately wounded.
The centaur wields a shortbow.
The centaur shoots an arrow.
The arrow misses you.
The arrow hits the centaur!
The centaur shoots an arrow.
You reflect the arrow off an invisible shield around you!
The arrow hits the centaur.
The centaur hits you.
You hit the very large slime creature.
The very large slime creature is moderately wounded.
The orc barely misses you.
The centaur wields a shortbow.
The centaur shoots an arrow.
The arrow misses you.
The arrow hits the centaur!
The very large slime creature hits you!!!
Ouch! That really hurt!
You die...

. #..........#....#..............
..#..........#....'..............
#'#....J(....######..............
......#####.............#########
......# #.............'........
......#, <#.............#........
.....J#, #.............#.)......
.....?### #.J...oc.######........
'##.....#'####c.@o.#........#####
. #J)...#....'c.J..#........#....
,#))รท.J'....#c....#........#....
#.....#....#.....#........#....
#.....#...##.....#...##...'....
#...>.#...#......######...#....
,.'.....#.. #......# ######....
..#.....#.. #......#,,,#......##'
..#.....# , #......+, +.....[#..


You could see a very large slime creature (confused), a slime creature
(confused), 4 centaurs and 2 orcs.

Vanquished Creatures
  Erolcha (D:10)
  The ghost of 4thArraOfDagon the Grappler, a journeyman DrIE of Cheibriados (D:11)
  A hydra (D:9)
  A two-headed ogre (D:9)
  Erica (D:9)
  Pikel (D:6)
  A manticore (D:11)
  An ugly thing (D:11)
  A wolf spider (D:10)
  Joseph (D:10)
  3 trolls (D:11)
  Prince Ribbit (D:6)
  Grinder (D:4)
  5 hippogriffs
  A slime creature (D:12)
  2 wyverns
  11 yaks
  A basilisk (D:8)
  A hungry ghost (D:11)
  Grum (D:10)
  A steam dragon (D:10)
  Edmund (D:6)
  2 porcupines (D:8)
  2 ice beasts
  7 orc warriors
  2 phantoms
  2 slaves (D:6)
  2 eyes of draining
  3 black bears
  A necrophage (D:10)
  2 sky beasts (D:10)
  7 ogres
  3 wolves (D:10)
  2 crocodiles (D:8)
  10 centaurs
  2 big kobolds
  7 bullfrogs
  2 gnoll sergeants
  A water moccasin zombie (D:12)
  6 scorpions
  A water moccasin skeleton (D:10)
  12 killer bees
  5 wights (D:9)
  9 howler monkeys
  9 crimson imps
  2 centaur zombies
  4 lava snakes (D:11)
  2 quasits
  12 orc wizards
  4 jellies
  8 orc priests
  Crazy Yiuf (D:6)
  8 hounds
  Ijyb (D:4)
  Jessica (D:2)
  5 gnoll shamans
  Terence (D:2)
  A centaur skeleton (D:9)
  5 iguanas
  7 worker ants
  2 howler monkey zombies
  A hound skeleton (D:4)
  A howler monkey skeleton (D:8)
  46 gnolls
  17 adders
  4 shadow imps
  3 oozes
  3 adder zombies
  An adder skeleton (D:7)
  A worm (D:3)
  4 dart slugs
  9 leopard geckos
  50 orcs
  3 bats
  2 giant cockroaches
  7 goblins
  7 hobgoblins
  21 jackals
  A quokka (D:12)
  A ball python (D:2)
  4 frilled lizards
  A jackal zombie (D:6)
  16 kobolds
  A quokka skeleton (D:5)
  2 quokka zombies
  13 rats
  2 plants (D:8)
423 creatures vanquished.

Vanquished Creatures (others)
  A slave (D:6)
  2 fungi (D:8)
  3 plants (D:8)
6 creatures vanquished.

Grand Total: 429 creatures vanquished

Notes
Turn   | Place    | Note
-------+----------+-------------------------------------------
     0 | D:1      | KristoblXynda the Vampire Enchanter began the quest for the Orb.
     0 | D:1      | Reached XP level 1. HP: 13/13 MP: 3/3
    43 | D:1      | Reached XP level 2. HP: 9/19 MP: 5/5
   119 | D:1      | Learned a level 2 spell: Ensorcelled Hibernation
   407 | D:1      | Reached skill level 5 in Stealth
   480 | D:1      | Reached skill level 5 in Hexes
   698 | D:1      | Reached XP level 3. HP: 16/24 MP: 1/6
  1096 | D:2      | Learned a level 3 spell: Confuse
  1155 | D:2      | Noticed Jessica
  1163 | D:2      | Killed Jessica
  1171 | D:2      | Reached XP level 4. HP: 19/30 MP: 4/8
  1472 | D:2      | Noticed Terence
  1485 | D:2      | Killed Terence
  1954 | D:3      | Reached XP level 5. HP: 15/35 MP: 7/9
  2024 | D:3      | Gained mutation: You possess an exceptional clarity of mind. [potion of mutation]
  2024 | D:3      | Gained mutation: Your system is resistant to poisons. (rPois) [potion of mutation]
  2782 | D:3      | Found a sparkling altar of Nemelex Xobeh.
  3305 | D:3      | Reached XP level 6. HP: 40/41 MP: 10/10
  3639 | D:3      | Found an ornate altar of the Wu Jian Council.
  4064 | D:4      | Reached XP level 7. HP: 37/46 MP: 4/11
  4349 | D:4      | Noticed Grinder
  4352 | D:4      | Killed Grinder
  4397 | D:4      | Found a snail-covered altar of Cheibriados.
  4398 | D:4      | Found a snail-covered altar of Cheibriados.
  4442 | D:4      | Found a stormy altar of Qazlal.
  4607 | D:4      | Noticed Ijyb
  4613 | D:4      | Killed Ijyb
  4835 | D:4      | Reached XP level 8. HP: 52/52 MP: 2/12
  4934 | D:4      | Reached skill level 5 in Short Blades
  5431 | D:4      | Reached skill level 10 in Stealth
  5506 | D:4      | HP: 2/52 [gnoll/halberd (8)]
  6101 | D:5      | Entered Level 5 of the Dungeon
  6174 | D:5      | Found a staircase to the Ecumenical Temple.
  6258 | Temple   | Entered the Ecumenical Temple
  6424 | Temple   | Became a worshipper of Ashenzari the Shackled
  6955 | D:5      | Reached skill level 10 in Hexes
  7024 | D:5      | Lost mutation: You possess an exceptional clarity of mind. [potion of mutation]
  7024 | D:5      | Lost mutation: Your system is resistant to poisons. (rPois) [potion of mutation]
  7024 | D:5      | Gained mutation: You have sharp fingernails. [potion of mutation]
  7024 | D:5      | Gained mutation: You are partially covered in rugged brown scales. (AC +1, +3% HP) [potion of mutation]
  7024 | D:5      | Gained mutation: Your mind is acute. (Int +2) [potion of mutation]
  7055 | D:5      | Lost mutation: You are partially covered in rugged brown scales. (AC +1, +3% HP) [potion of mutation]
  7055 | D:5      | Gained mutation: Your flesh is heat resistant. (rF+) [potion of mutation]
  7055 | D:5      | Gained mutation: You evolve. [potion of mutation]
  7055 | D:5      | Lost mutation: You evolve. [potion of mutation]
  7055 | D:5      | Gained mutation: You are partially covered in iridescent scales. (AC +2) [potion of mutation]
  7724 | D:6      | Found a large runed door.
  7725 | D:6      | Found a large runed door.
  7771 | D:6      | Noticed Pikel
  8393 | D:6      | Killed Pikel
  8393 | D:6      | Reached XP level 9. HP: 19/57 MP: 8/13
  8605 | D:6      | Learned a level 3 spell: Tukima's Dance
  8647 | D:6      | Noticed Prince Ribbit
  8657 | D:6      | Killed Prince Ribbit
  8723 | D:6      | Found a shadowy altar of Dithmenos.
  8781 | D:6      | Found a hide-covered altar of Uskayaw.
  8845 | D:6      | Noticed Edmund
  8868 | D:6      | Killed Edmund
  8927 | D:6      | Found a large runed door.
  8927 | D:6      | Found a large runed door.
  8932 | D:6      | Reached skill level 5 in Dodging
  9585 | D:6      | Found a runed door.
  9589 | D:6      | Noticed Crazy Yiuf
  9593 | D:6      | Killed Crazy Yiuf
  9820 | D:7      | Reached skill level 1 in Evocations
 10021 | D:7      | Got the short sword "Obasath" {pain, MR+ Str+3}
 10022 | D:7      | Identified the +7 short sword "Obasath" {pain, MR+ Str+3} (You found it on level 7 of the Dungeon)
 10095 | D:7      | Reached XP level 10. HP: 25/63 MP: 9/14
 10682 | D:7      | Found Vofinugy's Antique Weapon Shoppe.
 11186 | D:8      | Found a staircase to the Lair.
 11508 | D:8      | Reached * piety under Ashenzari
 12137 | D:9      | Found a staircase to the Orcish Mines.
 12184 | D:9      | Reached skill level 5 in Evocations
 12248 | D:9      | Noticed an eight-headed hydra
 12252 | D:9      | Killed an eight-headed hydra
 12252 | D:9      | Reached XP level 11. HP: 68/68 MP: 15/15
 12253 | D:9      | Noticed Erica
 12267 | D:9      | Killed Erica
 12267 | D:9      | Reached skill level 15 in Stealth
 12737 | D:9      | Learned a level 4 spell: Force Lance
 12942 | D:9      | Noticed a two-headed ogre
 12957 | D:9      | Killed a two-headed ogre
 13108 | D:10     | Entered Level 10 of the Dungeon
 13170 | D:10     | Noticed Joseph
 13195 | D:10     | Killed Joseph
 13321 | D:10     | Noticed Erolcha
 13343 | D:10     | Killed Erolcha
 13343 | D:10     | Reached skill level 15 in Hexes
 13447 | D:10     | Noticed Grum
 13460 | D:10     | Killed Grum
 13996 | D:10     | Noticed a wolf spider
 13998 | D:10     | Killed a wolf spider
 14105 | D:10     | Reached skill level 5 in Spellcasting
 14415 | D:10     | Reached ** piety under Ashenzari
 14985 | D:11     | Reached skill level 1 in Conjurations
 15061 | D:11     | Got the cursed robe "Riaro" {rF- MR++ Str+3}
 15076 | D:11     | Identified the cursed +0 robe "Riaro" {rF- MR++ Str+3} (You found it on level 11 of the Dungeon)
 15223 | D:11     | Noticed a white ugly thing
 15850 | D:11     | Noticed 4thArraOfDagon's ghost (journeyman DrIE)
 15906 | D:11     | Killed 4thArraOfDagon's ghost
 15906 | D:11     | Reached XP level 12. HP: 46/74 MP: 3/20
 16540 | D:11     | HP: 1/74 [troll (8)]
 17490 | D:12     | Reached *** piety under Ashenzari
 18039 | D:12     | Demolished by a very large slime creature

Vault maps used:
D:1:      onia_arrival_handbag, minmay_misc_feat_pillars
D:2:      first_bread, grunt_ministairs_3, uniq_jessica, uniq_terence
D:3:      lemuel_coloured_pillars_altar, nemelex_altar_shiori
D:4:      lemuel_castle_with_subvaults, grunt_temple_overflow_open,
          cheibriados_altar_1, uniq_ijyb, uniq_grinder
D:5:      minmay_temple_entry_grid
D:6:      kennysheep_little_box, kennysheep_mini, minmay_hollow_rounded_squares,
          uniq_prince_ribbit1, uniq_pikel, uniq_edmund, uniq_crazy_yiuf_cottage
D:7:      serial_shops, shop
D:8:      minmay_lair_entry_grove, blue_anna_alchemist
D:9:      orc_0_dummy, uniq_erica
D:10:     st_stairs_9, hangedman_decor_points, uniq_erolcha, uniq_grum,
          uniq_joseph
D:11:     kennysheep_big_empty_room, grunt_ministairs_8
D:12:     minmay_variable_closet, uniq_snorg
Temple:   regret_index_temple_sphere_string

Skill      XL: |  1  2  3  4  5  6  7  8  9 10 11 12 |
---------------+-------------------------------------+-----
Stealth        | 5 6 7 8 9 11 13 14 15 | 15.3
Hexes          | 5 6 7 8 11 12 14 15 | 15.4
Spellcasting   | 3 5 6 |  6.4
Short Blades   | 2 3 4 6 |  6.4
Dodging        | 4 5 |  5.7
Evocations     | 2 5 7 |  7.9
Conjurations   | 1 3 |  3.0

Action                   |  1- 3 |  4- 6 |  7- 9 | 10-12 || total
-------------------------+-------+-------+-------+-------++-------
Melee: Dagger            |    86 |   220 |   594 |       ||   900
       Bite              |     4 |    16 |    53 |    79 ||   152
       Short sword       |       |       |    18 |   764 ||   782
 Cast: Ensorcelled Hiber |    12 |    21 |    39 |       ||    72
       Confuse           |       |     6 |    29 |    54 ||    89
Invok: Curse Item        |       |       |     1 |     4 ||     5
 Abil: End Transformatio |       |       |       |     1 ||     1
       Bat Form          |       |       |       |     1 ||     1
Evoke: Wand              |       |       |     1 |    12 ||    13
       Lamp of fire      |       |       |       |     1 ||     1
  Use: Scroll            |     5 |     7 |    12 |    14 ||    38
       Potion            |       |    12 |    18 |    19 ||    49
 Stab: Sleeping          |    12 |    24 |    41 |    30 ||   107
       Distracted        |     2 |       |     1 |       ||     3
       Confused          |       |     2 |    16 |    37 ||    55
Armor: Robe              |    14 |    53 |   148 |   179 ||   394
Dodge: Dodged            |    53 |   111 |   356 |   545 ||  1065
Block: Other             |       |       |       |    61 ||    61
       Reflection        |       |       |       |     3 ||     3

Table legend:
 A = Spawn XP
 B = Non-spawn XP
 C = Spawn XP percentage of total XP
 D = Spawn monster count
 E = Non-spawn monster count
 F = Spawn count percentage of total count
 G = Total turns spent on level
                    A         B        C        D         E        F      G
               +---------+---------+-------+---------+---------+-------+---------
         Total |       0 |   26172 |   0.0 |       0 |     419 |   0.0 | 18039
               +---------+---------+-------+---------+---------+-------+---------
           D:1 |       0 |      51 |   0.0 |       0 |      23 |   0.0 |  1027
           D:2 |       0 |      98 |   0.0 |       0 |      18 |   0.0 |   750
           D:3 |       0 |     241 |   0.0 |       0 |      32 |   0.0 |  2036
           D:4 |       0 |    1658 |   0.0 |       0 |      73 |   0.0 |  2288
           D:5 |       0 |     512 |   0.0 |       0 |      25 |   0.0 |  1724
           D:6 |       0 |    2096 |   0.0 |       0 |      29 |   0.0 |  1752
           D:7 |       0 |    1624 |   0.0 |       0 |      21 |   0.0 |  1145
           D:8 |       0 |    3500 |   0.0 |       0 |      41 |   0.0 |  1218
           D:9 |       0 |    5238 |   0.0 |       0 |      38 |   0.0 |   971
          D:10 |       0 |    4111 |   0.0 |       0 |      36 |   0.0 |  2090
          D:11 |       0 |    5193 |   0.0 |       0 |      56 |   0.0 |  1900
          D:12 |       0 |    1850 |   0.0 |       0 |      27 |   0.0 |   941
               +---------+---------+-------+---------+---------+-------+---------
